 Dungeon Crawl Stone Soup version 0.18.1-50-g88ac8fd (webtiles) character file.

257 Kenran the Slasher (level 6, -1/61 HPs)
             Began as a Halfling Berserker on Oct 6, 2016.
             Was a Priest of Trog.
             Slain by an orc
             ... wielding a +0 flail
              (5 damage)
             ... on level 4 of the Dungeon.
             The game lasted 00:08:31 (3663 turns).

Kenran the Slasher (Halfling Berserker)             Turns: 3663, Time: 00:08:31

Health: -1/61      AC:  5    Str: 23    XL:     6   Next: 39%
Magic:  6/6        EV: 14    Int:  6    God:    Trog [***...]
Gold:   124        SH:  0    Dex: 15    Spells: 0 memorised, 5 levels left

rFire  . . .     SeeInvis .     a - +0 falchion
rCold  . . .     Gourm    .     i - +0 ring mail
rNeg   . . .     Faith    +     (shield restricted)
rPois  .         Spirit   .     (no helmet)
rElec  .         Dismiss  .     (no cloak)
rCorr  .         Reflect  .     (no gloves)
SustAt .         Harm     .     (no boots)
MR     .....                    g - amulet of faith {!P}
Stlth  ..........               (no ring)
                                (no ring)

@: berserking (expiring), very quick, not resistant to hostile enchantments,
extremely unstealthy
A: mutation resistance 1
a: Berserk, Trog's Hand, Burn Spellbooks, Renounce Religion


You were on level 4 of the Dungeon.
You worshipped Trog.
Trog was most pleased with you.
You were hungry.

You visited 1 branch of the dungeon, and saw 4 of its levels.

You collected 124 gold pieces.

Inventory:

Hand Weapons
 a - a +0 falchion (weapon)
 b - a +0 hunting sling
Missiles
 e - 85 stones (quivered)
Armour
 i - a +0 ring mail (worn)
Jewellery
 g - an amulet of faith (around neck) {!P}
Scrolls
 d - a scroll of remove curse {@r2}
 f - 2 scrolls of teleportation {unknown}
 n - a scroll of random uselessness {unknown}
Potions
 h - 2 potions of mutation {unknown}
 j - a potion of might {@q4}
 k - a potion of lignification {unknown}
 o - 2 potions of curing {@q1}
 p - a potion of haste {unknown}
Comestibles
 c - 3 bread rations {@e1}
 l - a meat ration {@e1}
 m - 3 chunks of flesh


   Skills:
 - Level 2.6 Fighting
 + Level 6.7 Long Blades
 - Level 2.1 Armour
 - Level 2.1 Dodging


You had 5 spell levels left.
You didn't know any spells.

Dungeon Overview and Level Annotations

Branches:
Dungeon (4/15)
 Temple: D:4-7

Altars:
Ashenzari
Dithmenos
Nemelex Xobeh
Okawaru
Qazlal
Ru
Trog
Xom


Innate Abilities, Weirdness & Mutations

You are small and have problems with some larger weapons.
You are somewhat resistant to further mutation.


Message History

The orc priest is heavily wounded.
The orc wizard hits you with a dagger.
* * * LOW HITPOINT WARNING * * *
The orc closely misses you. The orc priest misses you.
You slash the orc priest!
You kill the orc priest!
Trog accepts your kill.
The orc wizard gestures at you while chanting.
The puff of flame hits you!
* * * LOW HITPOINT WARNING * * *
The orc closely misses you.
You slash the orc wizard!
The orc wizard is almost dead.
The orc wizard closely misses you.
You hit the orc wizard.
You kill the orc wizard!
Trog accepts your kill.
Trog appreciates your killing of a magic user.
The orc hits you with a flail.
You die...

# #.....#...............
######.....#....##...######
.....#.....####'##...#
.....#...........#.....
[....######......#.....#
......'...'......#.....+
......#...#......#.....#
#######...#.....)+.....#
......#####.....@# ##
......#...#....o)# ..##
......#...#......# o....
......#...#......#......
......#...#.....))......
......'...'......#...$..
......#####......#######
####### ########


You could see an orc.

Vanquished Creatures
  2 orc priests
  An orc wizard (D:4)
  A worker ant (D:4)
  A killer bee zombie (D:3)
  5 adders
  4 giant geckos
  10 orcs
  A ball python (D:4)
  5 giant cockroaches
  9 goblins
  6 hobgoblins
  2 jackals (D:2)
  7 kobolds
  2 quokkas (D:3)
  4 bats (D:2)
  3 giant newts
  8 rats
71 creatures vanquished.

Notes
Turn   | Place    | Note
--------------------------------------------------------------
     0 | D:1      | Kenran the Halfling Berserker began the quest for the Orb.
     0 | D:1      | Reached XP level 1. HP: 15/15 MP: 1/1
    93 | D:1      | Reached XP level 2. HP: 7/20 MP: 2/2
   549 | D:1      | You fall through a shaft!
   642 | D:2      | Reached ** piety under Trog
   682 | D:2      | Reached skill level 4 in Long Blades
   682 | D:2      | Reached XP level 3. HP: 23/25 MP: 3/3
   820 | D:2      | Found a sparkling altar of Nemelex Xobeh.
  1210 | D:2      | Reached XP level 4. HP: 21/30 MP: 4/4
  2009 | D:2      | Reached skill level 5 in Long Blades
  2145 | D:2      | Reached XP level 5. HP: 21/35 MP: 5/5
  2541 | D:3      | Found an iron altar of Okawaru.
  2542 | D:3      | Found a shimmering altar of Xom.
  2542 | D:3      | Found a stormy altar of Qazlal.
  2556 | D:3      | Found a sacrificial altar of Ru.
  2566 | D:3      | Found a shattered altar of Ashenzari.
  3250 | D:3      | Found a shadowy altar of Dithmenos.
  3250 | D:3      | Found a bloodstained altar of Trog.
  3430 | D:3      | Reached *** piety under Trog
  3513 | D:4      | Reached skill level 6 in Long Blades
  3517 | D:4      | Reached XP level 6. HP: 41/41 MP: 6/6
  3663 | D:4      | Slain by an orc

Skill      XL: |  1  2  3  4  5 |
---------------+----------------+-----
Long Blades    | 4 5 6 |  6.7
Fighting       | |  2.6
Armour         | |  2.1
Dodging        | |  2.1

Action                   |  1- 3 |  4- 6 || total
-------------------------+-------+-------++-------
Melee: Falchion          |   101 |   140 ||   241
Invok: Burn Spellbooks   |     1 |     1 ||     2
       Berserk           |       |     4 ||     4
  Use: Scroll            |       |     5 ||     5
 Stab: Sleeping          |     1 |       ||     1
  Eat: Chunk             |     1 |     9 ||    10
       Beef jerky        |       |     1 ||     1
Armor: Animal skin       |     5 |       ||     5
       Ring mail         |    27 |    36 ||    63
Dodge: Dodged            |    75 |   101 ||   176
